 Dungeon Crawl Stone Soup version 0.32-a0-616-g9348d4545b (webtiles) character file.

Game seed: 17014485063724595896

76 jlumianski the Shield-Bearer (level 4, 0/44 HPs)
             Began as a Troll Fighter on Mar 6, 2024.
             Succumbed to Robin's poison
             ... on level 2 of the Dungeon.
             The game lasted 00:10:08 (1324 turns).

jlumianski the Shield-Bearer (Troll Fighter)        Turns: 1324, Time: 00:10:09

Health: 0/44       AC:  3    Str: 28    XL:     4   Next: 12%
Magic:  3/3        EV: 15    Int:  5    God:
Gold:   123        SH:  0    Dex:  8    Spells: 4/4 levels left

rFire   . .          .
                       - Unarmed
rCold   . . .        (no shield)
rNeg    . . .        b - +0 robe
rPois   .            (helmet restricted)
rElec   .            (no cloak)
rCorr   .            (gloves unavailable)
SInv    .            (boots unavailable)
Will    .....        (no amulet)
Stlth   +            l - +5 ring of evasion
HPRegen 1.07/turn    (no ring)
MPRegen 0.08/turn

%: no passive effects
@: lethally poisoned (0 -> 0), attractive, hasted, very quick
A: large, unfitting armour, claws 3, regeneration 1, shaggy fur 1, tough skin 1,
deformed body, strong 1, MP-powered wands
a: no special abilities


You were on level 2 of the Dungeon.
You visited 1 branch of the dungeon, and saw 3 of its levels.

You collected 123 gold pieces.

Inventory:

Hand Weapons
 a - a +0 war axe
Armour
 b - a +0 robe (worn)
 c - a +0 kite shield
Magical Staves
 i - a staff of cold
Jewellery
 l - a +5 ring of evasion (left claw)
Scrolls
 e - 2 scrolls of fear
 f - a scroll of amnesia {unknown}
 h - a scroll of identify {unknown}
 j - a scroll of vulnerability {unknown}
 k - a scroll of poison {unknown}
Potions
 d - a potion of might
 g - a potion of mutation


   Skills:
 + Level 2.9 Fighting
 - Level 1.5 Axes
 + Level 2.6 Dodging
 + Level 0.1 Stealth
 + Level 3.0 Shields
 * Level 2.0 Unarmed Combat
 * Level 0.5 Spellcasting


You had 4 spell levels left.
You didn't know any spells.
Your spell library contained the following spells:

 Spells                   Type           Power      Damage    Failure   Level
 Sandblast                Erth           0%         2d4       45%         1
 Ensorcelled Hibernation  Hex/Ice        0%         N/A       61%         2
 Fugue of the Fallen      Necr           0%         N/A       83%         3
 Passwall                 Erth           0%         N/A       83%         3
 Stone Arrow              Conj/Erth      0%         3d7       83%         3
 Anguish                  Hex/Necr       0%         N/A       99%         4
 Brom's Barrelling Bould  Conj/Erth      0%         2d3       99%         4


Dungeon Overview and Level Annotations

Branches:
Dungeon (3/15)

Altars:

Portals:
Abyss: D:3

Annotations:
D:2 Robin
D:3 1 transporter, ezpacito's ghost, amateur CoCK


Innate Abilities, Weirdness & Mutations

You are too large for most types of armour.
You have claws for hands.
Your natural rate of healing is unusually fast.
You are covered in fur. (AC +1)
You have tough skin. (AC +1)
Armour fits poorly on your strangely shaped body.
Your muscles are strong. (Str +4, Int/Dex -1)
You expend magic power (3 MP) to strengthen your wands.


Message History

Robin hits you with a +2 spear of venom.
You are more poisoned.
You closely miss Robin.
You feel very sick. Robin closely misses you.
You scratch Robin but do no damage.
You feel very sick. Robin hits you but does no damage.
You are more poisoned.
You barely miss Robin.
* * * LOW HITPOINT WARNING * * *
You feel very sick.
Robin hits you with a +2 spear of venom.
* * * LOW HITPOINT WARNING * * *
You barely miss Robin.
* * * LOW HITPOINT WARNING * * *
You feel very sick.
It was a potion of mutation.
You feel extremely strange.
Your body twists and deforms.
You feel your magical essence link to the dungeon's wands.
You feel stronger.
* * * LOW HITPOINT WARNING * * *
You feel very sick. Robin misses you.
It was a potion of haste.
You feel yourself speed up.
* * * LOW HITPOINT WARNING * * *
You feel very sick. Robin closely misses you.
It was a potion of attraction.
You feel attractive to monsters.
* * * LOW HITPOINT WARNING * * *
You feel sick. Robin misses you.
* * * LOW HITPOINT WARNING * * *
You feel sick. Robin closely misses you.
Things that are here:
a +0 club; a hobgoblin corpse Unknown command.
* * * LOW HITPOINT WARNING * * *
You feel sick. Robin is attracted toward you.
You die...

#.# #################
#.# #...............#
#.# #.#############.#
#.#
#......#........#####
#.#
#......#.###........#
#.#
#......#.......(....#
#.#
#.###########.#......
#.#
#ยง###########.#......
#.#
#>g.@................
#.#
###..................
#.#
##.###########...##
#.# #.# .......... #.#
#.# .######'## #.# #.#
#...# #.# ..# #...#
#.# ### #...# #.#
#####...#


You could see Robin.

Vanquished Creatures
  A gnoll (D:1)
  An adder (D:2)
  A ribbon worm (D:2)
  A dart slug (D:1)
  7 ball pythons
  4 endoplasms
  2 giant cockroaches (D:1)
  7 goblins
  7 hobgoblins
  4 jackals (D:2)
  2 quokkas (D:1)
  3 bats (D:1)
  A frilled lizard (D:1)
  A kobold (D:1)
  3 rats
45 creatures vanquished.

Notes
Turn   | Place    | Note
-------+----------+-------------------------------------------
     0 | D:1      | jlumianski the Troll Fighter began the quest for the Orb.
     0 | D:1      | Reached XP level 1. HP: 22/22 MP: 0/0
   150 | D:1      | Reached XP level 2. HP: 29/29 MP: 1/1
   321 | D:1      | Reached skill level 3 in Shields
   326 | D:1      | Reached XP level 3. HP: 33/36 MP: 2/2
   360 | D:1      | Reached skill level 1 in Unarmed Combat
   526 | D:1      | Found a faded altar of an unknown god.
  1213 | D:3      | Found a transporter.
  1213 | D:3      | Found a one-way gate to the infinite horrors of the Abyss.
  1213 | D:3      | Noticed ezpacito's ghost (amateur CoCK)
  1244 | D:3      | Noticed Robin
  1278 | D:2      | Reached XP level 4. HP: 44/44 MP: 3/3
  1319 | D:2      | Gained mutation: Armour fits poorly on your strangely
                  | shaped body. [potion of mutation]
  1319 | D:2      | Gained mutation: You expend magic power (3 MP) to
                  | strengthen your wands. [potion of mutation]
  1319 | D:2      | Gained mutation: Your muscles are strong. (Str +4, Int/Dex
                  | -1) [potion of mutation]
  1320 | D:2      | HP: 2/44 [poisoned by Robin]
  1324 | D:2      | Succumbed to Robin's poison

Illustrated notes

Levels and vault maps discovered:
D:1:      elethiomel_arrival_maze, layout_basic,
          hellmonk_ecumenical_altar_heavens_door, minmay_tromino_v4_c
D:2:      cheibrodos_helix_gallery, layout_basic, serial_bayou_pond_c,
          minmay_tree_intersection, dk_noncrumbling_4, chequers_garden
D:3:      layout_loops_ring, gammafunk_ghost_abyssal_escape,
          amcnicky_mini_pool_small, uniq_terence, uniq_crazy_yiuf_cottage,
          uniq_robin

Skill      XL: |  1  2  3  4 |
---------------+-------------+-----
Shields        | 3 |  3.0
Unarmed Combat | 1 2 |  2.0
Fighting       | |  2.9
Axes           | |  1.5
Dodging        | |  2.6
Stealth        | |  0.1
Spellcasting   | |  0.5

Action                     |  1- 3 |  4- 6 || total
---------------------------+-------+-------++-------
  Melee: Unarmed           |   103 |    15 ||   118
         Punch             |     2 |       ||     2
    Use: Scroll            |     1 |       ||     1
         Potion            |       |     3 ||     3
 Armour: Robe              |    49 |    11 ||    60
  Dodge: Dodged            |    79 |    17 ||    96
  Block: Kite shield       |     1 |       ||     1

Table legend: (Time is in decaauts)
 A = Elapsed time spent in this place.
 B = Non-inter-level travel time spent in this place.
 C = Inter-level travel time spent in this place.
 D = Time resting spent in this place.
 E = Time spent auto-exploring this place.
 F = Levels seen in this place.
 G = Mean time per level.
                   A        B        C        D        E       F      G
               +--------+--------+--------+--------+--------+-----+--------+
         Total |   1325 |   1325 |      0 |      0 |    702 |   3 |  441.7 |
       Dungeon |   1325 |   1325 |      0 |      0 |    702 |   3 |  441.7 |
               +--------+--------+--------+--------+--------+-----+--------+

Top non-repeatable levels by time:
     D:1: 893 daAuts
     D:2: 338 daAuts
     D:3: 94 daAuts
